 Dungeon Crawl Stone Soup version 0.20.0-8-g6b59dc7 (webtiles) character file.

196 Ketharn the Gusty (level 6, -4/43 HPs)
             Began as a Human Wanderer on May 31, 2017.
             Was an Initiate of Ru.
             Slain by Ketharn's ghost (9 damage)
             ... on level 3 of the Dungeon.
             The game lasted 00:09:50 (2690 turns).

Ketharn the Gusty (Human Wanderer)                  Turns: 2690, Time: 00:09:50

Health: -4/43      AC:  3    Str: 15    XL:     6   Next: 4%
Magic:  6/6        EV: 12    Int: 12    God:    Ru [......]
Gold:   47         SH:  0    Dex: 12    Spells: 5/5 levels left

rFire    . . .     SeeInvis .   o - +1 dagger (flame)
rCold    . . .     Gourm    .   (no shield)
rNeg     . . .     Faith    .   l - +0 leather armour
rPois    .         Spirit   .   (no helmet)
rElec    .         Reflect  .   (no cloak)
rCorr    .         Harm     .   (no gloves)
MR       .....                  (no boots)
Stlth    ++........             (no amulet)
Regen    0.2/turn               (no ring)
MPRegen  0.1/turn               (no ring)

@: no status effects
A: no striking features
a: Renounce Religion


You were on level 3 of the Dungeon.
You worshipped Ru.
Ru was noncommittal.
You were not hungry.

You visited 1 branch of the dungeon, and saw 3 of its levels.

You collected 47 gold pieces.

Inventory:

Hand Weapons
 a - a +2 spear
 m - a +0 falchion
 o - a +1 dagger of flaming (weapon)
Missiles
 e - 47 stones
 n - 4 tomahawks (quivered)
Armour
 l - a +0 leather armour (worn)
Jewellery
 f - an uncursed ring of resist corrosion {unknown}
Scrolls
 d - a scroll of amnesia {unknown}
 i - 2 scrolls of recharging {unknown}
 j - a scroll of fog {unknown}
 q - 2 scrolls of identify {unknown}
 s - a scroll of immolation {unknown}
 t - a scroll of teleportation {unknown}
Potions
 h - a potion of mutation {unknown}
 k - 2 potions of curing
Books
 b - the Catalogue of Combat Magic

   Spells                             Type                      Level
   a - Magic Dart                     Conjuration                  1
   b - Mephitic Cloud                 Conjuration/Poison/Air       3
Comestibles
 g - 3 royal jellies
 r - a meat ration


   Skills:
 + Level 1.4 Fighting
 + Level 1.0(1.3) Short Blades
 + Level 1.3(1.5) Long Blades
 + Level 2.2 Polearms
 + Level 1.6 Throwing
 + Level 1.2 Armour
 + Level 2.6 Dodging
 + Level 2.2 Stealth
   Level 1.0 Shields
   Level 2.0 Transmutations
   Level 3.0 Air Magic
   Level 1.0 Evocations


You had 5 spell levels left.
You didn't know any spells.

Dungeon Overview and Level Annotations

Branches:
Dungeon (3/15)

Altars:
Ru

Annotations:
D:3 Ketharn's ghost, amateur HOGl


Message History

The exploding tomahawk explodes!
The explosion of tomahawk fragments engulfs the orc.
You kill the orc!
The explosion of tomahawk fragments engulfs Ketharn's ghost.
Ketharn's ghost is lightly damaged.
You hear an angry hiss.
You hear a shout!
Ketharn's ghost hits you but does no damage.
Unknown command.
Throwing (i - inventory. (,) - cycle):
e - 47 stones (quivered)
Press: ? - help, Shift-Dir - straight line, f/p - Ketharn's ghost
Aim: Ketharn's ghost, wielding a vorpal weapon (lightly damaged)
Okay, then.
Quivering
n - 5 tomahawks for throwing.
Throwing (i - inventory. (,) - cycle):
n - 5 tomahawks (quivered)
Press: ? - help, Shift-Dir - straight line, f/p - Ketharn's ghost
Aim: Ketharn's ghost, wielding a vorpal weapon (lightly damaged)
You throw a tomahawk. The tomahawk hits Ketharn's ghost.
Ketharn's ghost is lightly damaged.
Ketharn's ghost hits you!
You die...

.. # #..#
#. ####..>#
#..#..W.#
#...######
#..##.....#
#.. #[....#
#.. #
#W....# #.
#.#@....#
#..
#.......# .
####.#
##.....## .
.. .#
#####.# #.
#.#.# #.#
#. ... #.##
#.# #.##
#..#
#..#####..#
#..#
#..##.).[#
##.##


You could see Ketharn's ghost.

Vanquished Creatures
  An ogre (D:3)
  An orc wizard (D:2)
  3 adders
  An ooze (D:1)
  A worm (D:2)
  An orc (D:3)
  3 giant cockroaches
  9 goblins
  5 hobgoblins
  2 jackals (D:3)
  A ball python (D:3)
  5 bats
  2 frilled lizards
  8 kobolds
  6 rats
49 creatures vanquished.

Notes
Turn   | Place    | Note
-------+----------+-------------------------------------------
     0 | D:1      | Ketharn the Human Wanderer began the quest for the Orb.
     0 | D:1      | Ketharn set off with: a +2 spear, the Catalogue of Combat Magic, a potion of lignification, a +0 robe, a bread ration
     0 | D:1      | Reached XP level 1. HP: 13/13 MP: 1/1
    51 | D:1      | Reached XP level 2. HP: 13/19 MP: 2/2
   888 | D:2      | Found a sacrificial altar of Ru.
   906 | D:2      | Reached skill level 1 in Fighting
   906 | D:2      | Reached XP level 3. HP: 26/26 MP: 3/3
   914 | D:2      | Reached XP level 4. HP: 28/32 MP: 4/4
   954 | D:2      | Became a worshipper of Ru the Awakened
  1889 | D:2      | Reached skill level 1 in Throwing
  2117 | D:3      | Reached XP level 5. HP: 3/37 MP: 5/5
  2119 | D:3      | HP: 2/55 [poisoned by an adder]
  2124 | D:3      | HP: 1/55 [poisoned by an adder]
  2396 | D:3      | Noticed an ogre
  2407 | D:3      | Killed an ogre
  2407 | D:3      | Reached skill level 1 in Short Blades
  2407 | D:3      | Reached skill level 1 in Long Blades
  2407 | D:3      | Reached skill level 1 in Armour
  2417 | D:3      | Reached XP level 6. HP: 23/43 MP: 6/6
  2678 | D:3      | Noticed Ketharn's ghost (amateur HOGl)
  2690 | D:3      | Slain by Ketharn's ghost

Skill      XL: |  1  2  3  4  5 |
---------------+----------------+-----
Fighting       | 1 |  1.4
Polearms       | 2 |  2.2
Dodging        | 2 |  2.6
Throwing       | 1 |  1.6
Stealth        | 2 |  2.2
Short Blades   | 1 |  1.0
Long Blades    | 1 |  1.3
Armour         | 1 |  1.2
Shields        | |  1.0
Transmutations | |  2.0
Air Magic      | |  3.0
Evocations     | |  1.0

Action                   |  1- 3 |  4- 6 || total
-------------------------+-------+-------++-------
Melee: Spear             |    46 |       ||    46
       Falchion          |    20 |    54 ||    74
       Dagger            |       |    59 ||    59
Throw: Stone             |    27 |    13 ||    40
       Tomahawk          |       |     8 ||     8
  Use: Potion            |     1 |     2 ||     3
 Stab: Invisible         |       |     1 ||     1
  Eat: Bread ration      |       |     1 ||     1
       Royal jelly       |       |     1 ||     1
Armor: Skin              |    24 |    43 ||    67
       Robe              |     7 |       ||     7
       Leather armour    |     2 |    30 ||    32
Dodge: Dodged            |    43 |    73 ||   116
       Rpst.: Falchion   |     4 |     9 ||    13
